 Dungeon Crawl Stone Soup version 0.30.0-29-ga12c61a403 (webtiles) character file.

Game seed: 93896372949814585

4 BONEBRO the Caller (level 1, -1/13 HPs)
             Began as a Merfolk Summoner on June 25, 2023.
             Slain by a goblin
             ... wielding a +0 dagger
              (3 damage)
             ... on level 1 of the Dungeon.
             The game lasted 00:01:21 (277 turns).

BONEBRO the Caller (Merfolk Summoner)                Turns: 277, Time: 00:01:21

Health: -1/13      AC:  2    Str:  8    XL:     1   Next: 70%
Magic:  1/3        EV: 12    Int: 14    God:
Gold:   27         SH:  0    Dex: 14    Spells: 3/4 levels left

rFire   . . .        (no weapon)
rCold   . . .        (no shield)
rNeg    . . .        a - +0 robe
rPois   .            (no helmet)
rElec   .            (no cloak)
rCorr   .            (no gloves)
SInv    .            (no boots)
Will    .....        (no amulet)
Stlth   ++           (no ring)
HPRegen 0.22/turn    (no ring)
MPRegen 0.08/turn

%: no passive effects
@: no status effects
A: (nimble swimmer 2), mertail
a: no special abilities


You were on level 1 of the Dungeon.
You visited 1 branch of the dungeon, and saw 1 of its levels.

You collected 27 gold pieces.

Inventory:

Armour
 a - a +0 robe (worn)
Scrolls
 c - a scroll of silence {unknown}
Potions
 b - a potion of magic
 d - 2 potions of flight {unknown}
 e - a potion of curing {unknown}


   Skills:
 - Level 2.6 Dodging
 - Level 2.1 Stealth
 - Level 2.0 Spellcasting
 + Level 4.2 Summonings


You had 3 spell levels left.
You knew the following spells:

 Your Spells              Type           Power      Damage    Failure   Level
a - Summon Small Mammal   Summ           52%        N/A       4%          1

Your spell library contained the following spells:

 Spells                   Type           Power      Damage    Failure   Level
 Call Imp                 Summ           26%        N/A       6%          2
 Call Canine Familiar     Summ           13%        N/A       12%         3
 Summon Guardian Golem    Hex/Summ       7%         N/A       30%         3
 Summon Lightning Spire   Summ/Air       7%         N/A       69%         4


Dungeon Overview and Level Annotations

Branches:
Dungeon (1/15)

Altars:


Innate Abilities, Weirdness & Mutations

((You are very nimble when in or above water. (Stealth+, EV+, Speed+++)))
Your lower body shifts to a powerful aquatic tail in water.


Message History

The rat twitches its whiskers.
The goblin attacks as you move away! The goblin hits you with a +0 dagger.
The kobold attacks as you move away! The kobold misses you.
The kobold throws a stone.
The stone hits you.
Your bat misses the goblin. The goblin attacks as you move away!
The goblin hits you with a +0 dagger.
Your bat hits the kobold. The kobold barely misses your quokka.
Your quokka closely misses the frilled lizard.
Your quokka closely misses the rat.
The goblin attacks as you move away! The goblin hits you with a +0 dagger.
Your bat misses the goblin.
The kobold hits your bat with a +0 short sword.
Your bat dies!
Your bat's corpse disappears in a puff of smoke!
There is an open door here.
You hit the goblin.
The goblin is moderately wounded.
The goblin hits you but does no damage.
Your quokka closely misses the frilled lizard.
You miss the goblin.
The goblin is moderately wounded.
The goblin hits you with a +0 dagger.
Your quokka barely misses the frilled lizard.
You hit the goblin but do no damage.
The goblin is moderately wounded.
Your quokka bites the frilled lizard.
The goblin hits you with a +0 dagger.
You barely miss the goblin.
The goblin is moderately wounded.
Your quokka barely misses the frilled lizard.
The goblin barely misses you.
You hit the goblin but do no damage.
The goblin is moderately wounded.
Your quokka barely misses the frilled lizard.
The goblin hits you with a +0 dagger.
* * * LOW HITPOINT WARNING * * *
Your quokka bites the frilled lizard.
The frilled lizard dies!
You closely miss the goblin.
The goblin is moderately wounded.
The goblin hits you with a +0 dagger.
You die...

###### #....### ##......#
########...~~~.##
#........>.~_~..##########
#.########.~~~..##......[#
#.# #......@grr.....###+
#.# ###.#####K........(.
#.# #.# #....$...... #.#
#.# #.........?. #.####
#.##.............. .....#
#.##..)........... .....#
#. #.......##..... .....#
.........# ..... .....#
#####+##### ....


You could see a goblin, a kobold, a rat and a friendly quokka (summoned).

Vanquished Creatures
  A ball python (D:1)
  A frilled lizard (D:1)
  A rat (D:1)
3 creatures vanquished.

Vanquished Creatures (collateral kills)
  2 frilled lizards (D:1)
  A kobold (D:1)
  A rat (D:1)
4 creatures vanquished.

Grand Total: 7 creatures vanquished

Notes
Turn   | Place    | Note
-------+----------+-------------------------------------------
     0 | D:1      | BONEBRO the Merfolk Summoner began the quest for the Orb.
     0 | D:1      | Reached XP level 1. HP: 13/13 MP: 3/3
   206 | D:1      | Found a faded altar of an unknown god.
   277 | D:1      | Slain by a goblin

Illustrated notes

Levels and vault maps discovered:
D:1:      scummos_arrival_simple_fountains, layout_basic,
          hellmonk_ecumenical_altar_pennies_from_heaven,
          chequers_serial_rivers_micro_c

Action                     || total
---------------------------++-------
  Melee: Unarmed           ||    22
   Cast: Summon Small Mamm ||    11
   Stab: Sleeping          ||     3
 Armour: Robe              ||     3
  Dodge: Dodged            ||    11
